 Dungeon Crawl Stone Soup version 0.26.1-11-gd32895ea62 (webtiles) character file.

Game seed: 10417615588361571623

314166 OdinFK the Ninja (level 20, -31/100 HPs)
             Began as a Felid Enchanter on May 8, 2021.
             Was the Champion of Wu Jian.
             Annihilated by an acid blob (35 damage)
             ... created by the Royal Jelly
             ... on level 5 of the Pits of Slime on May 12, 2021.
             The game lasted 08:29:58 (76203 turns).

OdinFK the Ninja (Felid Enchanter)                 Turns: 76203, Time: 08:29:59

Health: -31/100    AC:  3    Str: 13      XL:     20   Next: 48%
Magic:  4/21       EV: 36    Int: 26 (27) God:    Wu Jian [******]
Gold:   4144       SH:  0    Dex: 19 (20) Spells: 1/23 levels left
                                        Lives:  0   Deaths: 6

rFire    + . .     SeeInvis +     - Unarmed
rCold    + + .     Faith    .   (shield unavailable)
rNeg     . . .     Spirit   .   (armour unavailable)
rPois    +         Reflect  .   (helmet unavailable)
rElec    +         Harm     .   (cloak unavailable)
rCorr    +         Rampage  .   (gloves unavailable)
Will     +++..     Rnd*Rage +   (boots unavailable)
Stlth    ++++++++++             g - amulet of a Hundred Beds {*Drain +Blink Regen+ Str+6 Dex+4}
HPRegen  0.00/turn              v - +6 ring of intelligence
MPRegen  0.17/turn              U - +4 ring of protection

@: brilliant, resistant, corroded, hasted (expiring), very quick
A: very small, no armour, no weapons or thrown items, stealth, claws 1, fangs 3,
repulsion field 1, see invisible, berserk 1, clumsy 1, deterioration 1, speed 1,
low mp 1, shaggy fur 3, inhibited regeneration, sharp paws
}: 2/15 runes: decaying, serpentine
a: Renounce Religion, Evoke Blink, Wall Jump, Serpent's Lash, Heavenly Storm


You were on level 5 of the Pits of Slime.
You worshipped Wu Jian.
Wu Jian was exalted by your worship.
You visited 10 branches of the dungeon, and saw 49 of its levels.
You visited the Abyss 2 times.
You also visited: Wizlab.

You collected 7067 gold pieces.
You spent 2923 gold pieces at shops.

Inventory:

Jewellery
 g - the amulet of a Hundred Beds (around neck) {*Drain +Blink Regen+ Str+6 Dex+4}
   (You acquired it on level 3 of the Lair of Beasts)

   [amulet of regeneration]

   It affects your strength (+6).
   It affects your dexterity (+4).
   It lets you blink.
   It increases your rate of regeneration.
   It causes draining when unequipped.
 s - an uncursed ring of protection from cold
 v - a +6 ring of intelligence (left paw)
 y - a +4 ring of evasion
 E - an uncursed amulet of magic regeneration
 I - an uncursed ring of positive energy
 O - the ring "Kair Pui" {*Contam rPois rF+++ Will- Stlth+}
   (You took it off a deep elf archer on level 3 of the Elven Halls)

   [ring of stealth]

   It renders you almost immune to fire.
   It protects you from poison.
   It affects your willpower, your defense against some magical effects.
   It causes magical contamination when unequipped.
   It makes you more stealthy.
 U - a +4 ring of protection (right paw)
 V - an uncursed ring of poison resistance
 X - an uncursed ring of willpower
 Y - an uncursed ring of positive energy
Wands
 b - a wand of flame (128)
 k - a wand of digging (15)
 n - a wand of acid (29)
 B - a wand of paralysis (8)
 K - a wand of enslavement (15)
 T - a wand of disintegration (5)
 W - a wand of iceblast (16)
Scrolls
 a - 15 scrolls of amnesia
 f - 4 scrolls of fear
 i - 16 scrolls of identify
 l - 14 scrolls of fog
 p - 2 scrolls of summoning
 t - 11 scrolls of teleportation
 u - 20 scrolls of remove curse
 F - 3 scrolls of holy word
 H - 9 scrolls of vulnerability
 J - 3 scrolls of immolation
 M - 4 scrolls of magic mapping
Potions
 c - 16 potions of curing
 d - 4 potions of mutation
 e - 10 potions of invisibility
 h - 11 potions of haste
 m - 9 potions of might
 o - a potion of cancellation
 r - 2 potions of resistance
 z - 3 potions of brilliance
 A - a potion of ambrosia
 C - 2 potions of flight
 L - 4 potions of lignification
 P - 6 potions of attraction
 S - 6 potions of magic
Miscellaneous
 q - a phantom mirror (inert)
 D - a lightning rod (4/4)
 G - a phial of floods
 N - a condenser vane (inert)
 Q - a box of beasts (inert)
 Z - a tin of tremorstones (2/2)


   Skills:
 + Level 17.1 Fighting
 + Level 18.1 Dodging
 O Level 27 Stealth
 + Level 15.1 Unarmed Combat
 - Level 2.0 Spellcasting
 - Level 2.0 Conjurations
 - Level 25.0 Hexes
 + Level 10.2 Summonings
 - Level 2.0 Translocations
 - Level 5.0 Ice Magic
 - Level 13.0 Evocations


You had one spell level left.
You knew the following spells:

 Your Spells              Type           Power        Failure   Level
a - Corona                Hex            100%         0%          1
b - Ensorcelled Hibernat  Hex/Ice        100%         1%          2
c - Summon Mana Viper     Hex/Summ       96%          1%          5
d - Discord               Hex            57%          2%          8
e - Summon Demon          Summ           35%          4%          5
g - Apportation           Tloc           38%          4%          1

Your spell library contained the following spells:

 Spells                   Type           Power        Failure   Level
 Summon Small Mammal      Summ           100%         1%          1
 Magic Dart               Conj           76%          4%          1
 Foxfire                  Conj/Fire      44%          7%          1
 Animate Skeleton         Necr           6%           11%         1
 Beastly Appendage        Tmut           6%           11%         1
 Sandblast                Erth           6%           11%         1
 Slow                     Hex            100%         0%          2
 Confusing Touch          Hex            100%         0%          3
 Tukima's Dance           Hex            100%         0%          3
 Cause Fear               Hex            57%          0%          4
 Call Imp                 Summ           71%          1%          2
 Dazzling Flash           Conj/Hex       100%         1%          3
 Inner Flame              Hex/Fire       79%          1%          3
 Metabolic Englaciation   Hex/Ice        44%          1%          5
 Silence                  Hex/Air        39%          1%          5
 Yara's Violent Unravell  Hex/Tmut       39%          1%          5
 Blink                    Tloc           N/A          7%          2
 Summon Lightning Spire   Summ/Air       43%          13%         4
 Passwall                 Tmut/Erth      2%           16%         2
 Poisonous Vapours        Pois/Air       6%           16%         2
 Sublimation of Blood     Necr           1%           16%         2
 Wereblood                Tmut           3%           16%         2
 Conjure Flame            Conj/Fire      11%          21%         3
 Static Discharge         Conj/Air       11%          21%         3
 Stone Arrow              Conj/Erth      22%          21%         3
 Mephitic Cloud           Conj/Pois/Air  9%           24%         3
 Shadow Creatures         Summ           N/A          24%         6
 Ignite Poison            Fire/Tmut/Pois 3%           30%         3
 Spider Form              Tmut/Pois      1%           30%         3
 Ice Form                 Ice/Tmut       23%          36%         4
 Sticky Flame             Conj/Fire      11%          56%         4
 Petrify                  Tmut/Erth      3%           71%         4
 Iskenderun's Battlesphe  Conj           19%          77%         5
 Fireball                 Conj/Fire      5%           88%         5
 Irradiate                Conj/Tmut      5%           88%         5
 Lightning Bolt           Conj/Air       5%           88%         5
 Ozocubu's Refrigeration  Ice            21%          90%         6
 Bolt of Magma            Conj/Fire/Erth 4%           92%         5
 Alistair's Intoxication  Tmut/Pois      2%           96%         5
 Blade Hands              Tmut           1%           96%         5
 Borgnjor's Vile Clutch   Necr/Erth      1%           96%         5
 Freezing Cloud           Conj/Ice/Air   11%          99%         6
 Simulacrum               Ice/Necr       11%          99%         6
 Eringya's Noxious Bog    Tmut/Pois      1%           100%        6
 Iron Shot                Conj/Erth      5%           100%        6
 Starburst                Conj/Fire      5%           100%        6
 Orb of Destruction       Conj           9%           100%        7
 Spellforged Servitor     Conj/Summ      25%          100%        7
 Ignition                 Fire           1%           100%        8
 Shatter                  Erth           1%           100%        9
 Tornado                  Air            1%           100%        9


Dungeon Overview and Level Annotations

Branches:
Dungeon (15/15)            Temple (1/1) D:6            Lair (6/6) D:9
  Swamp (4/4) Lair:2        Snake (4/4) Lair:3        Slime (5/5) Lair:6
    Orc (2/2) D:11            Elf (3/3) Orc:2        Vaults (4/5) D:14
  Crypt (0/3) Vaults:2     Depths (5/5) D:15         WizLab (visited)
    Zot: Depths:5

Altars:
Ashenzari
Cheibriados
Dithmenos
Elyvilon
Fedhas
Gozag
Hepliaklqana
Kikubaaqudgha
Makhleb
Nemelex Xobeh
Okawaru
Qazlal
Ru
Sif Muna
Trog
Uskayaw
Vehumet
Wu Jian
Xom
Yredelemnul
Zin
The Shining One
Beogh
Jiyva

Shops:
D:4 *   D:5 (   D:10 *   D:11 }[?*   Orc:2 !}?(   Snake:1 *}}   Snake:3 }==
Vaults:2 *   Depths:3 *[[!   Depths:5 *

Portals:
Hell: Depths:1 Depths:2 Depths:3 Depths:4 Depths:5
Abyss: Depths:3 Depths:4 Depths:5
Pandemonium: Depths:1 Depths:3
Ziggurat: Depths:3
Trove: D:15 (show abyssal rune of Zot)

Annotations:
D:3 Purgy
D:13 3 runed translucent doors, Dittersdorf's ghost, journeyman MiBe; Frances
D:14 2 transporters, Tulety's ghost, adept FoFi
D:15 Roxanne
Snake:3 exclusion: 2 downstairs
Snake:4 Vashnia
Orc:1 Gastronok
Elf:2 3 runed translucent doors
Vaults:4 4 runed translucent doors


Innate Abilities, Weirdness & Mutations

You cannot wear armour.
You are incapable of wielding weapons or throwing items.
Your paws allow you to move quietly. (Stealth)
You have sharp claws.
You have razor-sharp teeth.
You have supernaturally acute eyesight. (SInv)
You cover ground quickly.
Your thick and shaggy fur keeps you warm. (AC +3, rC+)
Your sharp claws are effective at attacking unaware monsters.
You are surrounded by a mild repulsion field. (EV +2)
You tend to lose your temper in combat.
You are clumsy. (Dex -2)
Your body sometimes deteriorates upon taking damage.
Your magical capacity is low. (-10% MP)
You do not regenerate when monsters are visible.


Message History

Your extra speed is starting to run out.
The acid blob spits acid at you. The splash of acid hits you! You resist.
* * * LOW HITPOINT WARNING * * *
You are splashed with acid!
You resist.
* * * LOW HITPOINT WARNING * * *
As you read the scroll of fear, it crumbles to dust.
You assume a fearsome visage.
The red devil is unaffected.
The acid blob resists with almost no effort.
The death ooze is unaffected. x2
The acid blob resists with almost no effort. x3
The death ooze is unaffected.
The acid blob easily resists.
The death ooze is unaffected.
The acid blob resists with almost no effort. x2
The acid blob spits acid at you. The splash of acid misses you.
Okay, then.
Okay, then.
You blink.
The acid blob hits you!!
You die...

##?##..##?##....................#
######.####.....................#
.#..##.#.#......................#
...............................##
.................................
...................☼☼§§..........
..................J.4...........#
^................J.............#
................@..JJJ.......###
.................JJJ........##
....................JJJ...#.#
.....................J....###
.....................§..#.#
.......................####
.......................#
.....................#.#
....................####


You could see 8 acid blobs, 4 death oozes and a neutral red devil (summoned,
inner flame, insane).

Vanquished Creatures
  A royal mummy (Depths:4)
  The ghost of MackTheFife the End of an Era, a veteran HOGl of Qazlal (Vaults:4)
  Bai Suzhen (Depths:2)
  A caustic shrike (Depths:2)
  A deep elf master archer (Elf:3)
  2 deep elf blademasters
  13 acid blobs
  3 sphinxes
  An Executioner (Abyss:1)
  8 nagarajas
  2 tengu reavers
  3 azure jellies (Slime:5)
  An orc warlord (Depths:3)
  5 vault wardens
  2 deep elf sorcerers (Elf:3)
  4 frost giants
  3 fire giants
  A caustic shrike zombie (Depths:4)
  A draconian shifter (Depths:5)
  2 spriggan defenders (Depths:3)
  3 ironheart preservers
  10 stone giants
  A black draconian (Depths:5)
  15 very ugly things
  3 deep elf annihilators
  3 deep elf demonologists
  2 entropy weavers
  4 spark wasps
  A bunyip (Swamp:1)
  2 red draconians
  7 ettins
  5 death oozes (Slime:5)
  6 deep elf death magi
  3 jiangshi
  An eleionoma (Swamp:4)
  Josephine (Lair:4)
  Snorg (Orc:2)
  A fire dragon (shapeshifter) (Depths:3)
  Erolcha (D:11)
  7 fire dragons
  11 great orbs of eyes
  6 yaktaur captains
  A deep elf high priest (Elf:3)
  22 hydras
  2 rakshasas
  7 boulder beetles
  5 vault guards
  17 naga warriors
  4 ice dragons
  A ghost crab (Swamp:2)
  11 anacondas
  A spriggan air mage (Depths:4)
  4 catoblepae
  An anaconda (shapeshifter) (D:15)
  16 centaur warriors
  A satyr (Abyss:3)
  6 alligators
  28 two-headed ogres
  4 death knights
  5 deep troll earth magi
  7 ogre magi
  8 dancing weapons
  A vampire mage (Depths:3)
  6 tengu warriors
  10 death yaks
  9 deep troll shamans
  2 spriggan berserkers
  An orc high priest (Orc:2)
  2 thrashing horrors (Abyss:3)
  A titan zombie (Depths:4)
  12 naga sharpshooters
  3 shock serpents
  Sonja (Lair:5)
  13 spriggans
  8 deep elf knights
  4 salamander mystics
  A golden dragon zombie (Depths:4)
  8 hell knights
  A flayed ghost (Vaults:3)
  A shadow wraith (Vaults:2)
  9 sea snakes (Snake:2)
  18 deep trolls
  2 iron trolls
  6 goliath frogs
  2 spriggan druids (Swamp:2)
  13 swamp dragons
  3 glowing orange brains
  3 unseen horrors
  7 naga ritualists
  13 deep elf archers
  5 bog bodies
  A sphinx zombie (Depths:4)
  7 wizards
  2 lindwurms (Lair:6)
  A shadow dragon zombie (Depths:4)
  14 orc knights
  37 deep elf magi
  4 wolf spiders
  20 salamanders
  27 ugly things
  5 harpies (Vaults:3)
  11 mana vipers
  4 ironbrand convokers
  2 orc sorcerers
  5 shining eyes
  4 worldbinders
  11 cyclopes
  A salamander (shapeshifter) (D:15)
  5 guardian serpents
  A will-o-the-wisp (Swamp:1)
  An elephant (shapeshifter) (Elf:2)
  5 manticores
  22 naga magi
  47 black mambas
  A black mamba (shapeshifter) (D:15)
  An elf zombie (Depths:4)
  4 elephants (Lair:4)
  7 vault sentinels
  2 eyes of devastation
  13 cane toads
  6 torpor snails
  A gargoyle (D:15)
  A spectral swamp worm (Depths:5)
  Maggie (D:9)
  16 komodo dragons
  4 freezing wraiths
  2 komodo dragons (shapeshifter)
  40 yaktaurs
  2 guardian mummies (Depths:4)
  2 hellwings
  A rime drake (Lair:6)
  2 queen bees (shapeshifter)
  A harpy zombie (D:14)
  2 ancient zymes (Abyss:1)
  5 red devils (Depths:1)
  A jumping spider (Vaults:3)
  2 tengu conjurers
  A polar bear (Lair:3)
  10 trolls
  A troll (shapeshifter) (Depths:2)
  Grinder (D:6)
  2 bloated husks
  A meliai (D:14)
  A meliai (shapeshifter) (D:15)
  2 hornets (shapeshifter)
  19 blink frogs
  A harpy skeleton (Abyss:3)
  13 tyrant leeches
  17 hornets
  A blink frog (shapeshifter) (Vaults:3)
  Prince Ribbit (D:5)
  58 slime creatures
  A meliai zombie (D:15)
  A frost giant simulacrum (Vaults:1)
  3 raiju (Abyss:1)
  2 flying skulls (Abyss:1)
  2 air elementals
  4 vampires
  51 yaks
  2 water elementals (Abyss:3)
  Sigmund (D:6)
  A fire bat (Abyss:2)
  2 ynoxinuls (Abyss:1)
  2 redbacks
  8 basilisks
  A basilisk (shapeshifter) (D:15)
  9 wraiths
  5 wyverns
  7 fire elementals
  A golden eye (shapeshifter) (Vaults:1)
  3 chaos spawn (Depths:5)
  8 small abominations
  14 vampire mosquitoes
  Menkaure (D:6)
  A steam dragon (D:11)
  11 wargs
  7 large abominations
  2 acid dragons
  41 nagas
  14 swamp worms
  27 water moccasins
  4 swamp drakes (Swamp:4)
  3 black bears
  3 ice beasts
  11 eyes of draining
  18 orc warriors
  3 sky beasts
  26 wolves
  24 ogres
  3 phantoms
  8 boggarts
  34 centaurs
  3 big kobolds
  11 bullfrogs
  A wyvern skeleton (D:11)
  2 wyvern zombies (D:11)
  A scorpion (D:13)
  5 killer bees (D:10)
  6 wights
  A nameless horror (Slime:3)
  8 electric eels
  6 howler monkeys
  7 crimson imps (Depths:1)
  A bullfrog zombie (D:9)
  5 centaur zombies
  2 quasits
  A wyvern simulacrum (D:14)
  8 hounds
  2 bullfrog skeletons
  5 centaur skeletons
  2 iron imps
  13 jellies
  26 orc priests
  20 orc wizards
  8 worker ants
  7 iguanas
  5 hell rats (Lair:4)
  A spectral hound (Depths:3)
  4 mummies (Depths:4)
  A hound skeleton (D:10)
  2 worker ant zombies
  11 gnolls
  14 adders
  3 shadow imps
  3 white imps
  4 ufetubi
  5 oozes
  A worm (D:5)
  2 dart slugs
  4 leopard geckos
  81 orcs
  7 bats
  5 giant cockroaches
  2 goblins
  13 hobgoblins
  7 jackals
  3 quokkas
  4 ball pythons
  3 frilled lizards
  34 kobolds
  A leopard gecko zombie (D:8)
  4 rats
  A fire vortex (Depths:2)
1694 creatures vanquished.

Vanquished Creatures (collateral kills)
  the Royal Jelly (Slime:5)
  A lich (Depths:5)
  A tentacled monstrosity (Depths:4)
  A deep elf master archer (Elf:3)
  A deep elf blademaster (Elf:3)
  2 titans (Depths:3)
  10 acid blobs
  3 azure jellies
  A fenstrider witch (Lair:2)
  A shadow dragon (Depths:4)
  A fire giant (Depths:3)
  9 frost giants
  A deep elf sorcerer (Elf:3)
  A deep elf elementalist (Elf:3)
  Aizul (Snake:3)
  A caustic shrike zombie (Depths:4)
  An orc warlord (Depths:3)
  A stone giant (Depths:3)
  3 very ugly things (Depths:4)
  A black draconian (Depths:5)
  3 deep elf annihilators (Elf:3)
  2 deep elf demonologists (Elf:3)
  2 spark wasps (Depths:1)
  An eidolon (Abyss:1)
  An ettin (Depths:4)
  2 purple draconians (Depths:5)
  3 deep elf death magi (Elf:3)
  2 death oozes (Slime:5)
  3 crystal guardians (Depths:1)
  2 deep elf high priests (Elf:3)
  3 jiangshi
  A ghost crab (Swamp:4)
  2 rakshasas (Depths:3)
  2 great orbs of eyes (Slime:5)
  2 centaur warriors
  2 hydras (Swamp:4)
  A spriggan air mage (Depths:5)
  A death yak (Lair:6)
  2 dancing weapons
  A deep troll earth mage (Depths:3)
  2 deep troll shamans
  6 vampire magi
  7 orc high priests (Orc:2)
  2 tengu warriors
  A naga sharpshooter (Snake:4)
  A thrashing horror (Abyss:3)
  3 deep elf knights
  4 iron trolls
  2 soul eaters (Depths:1)
  A storm dragon zombie (Depths:4)
  A golden dragon zombie (Depths:4)
  5 deep trolls
  A naga ritualist (Snake:1)
  A swamp dragon (Swamp:4)
  2 orange crystal statues
  2 shadow dragon zombies (Depths:4)
  6 deep elf archers
  A flayed ghost (Vaults:4)
  A necromancer (Depths:1)
  2 orc sorcerers
  5 deep elf magi
  9 shining eyes
  An oklob plant (Lair:2)
  2 ugly things
  5 will-o-the-wisps
  A worldbinder (Abyss:1)
  A moth of wrath (shapeshifter) (Depths:5)
  A spriggan zombie (Depths:4)
  A smoke demon (Depths:1)
  A naga mage (Snake:1)
  An eye of devastation (Slime:4)
  An elf zombie (Depths:4)
  A storm dragon simulacrum (Vaults:2)
  2 gargoyles (Depths:3)
  A molten gargoyle (Depths:4)
  2 spectral swamp worms (Depths:5)
  A rime drake (Lair:6)
  3 yaktaurs
  A hellwing (Depths:1)
  A guardian mummy (Depths:4)
  12 slime creatures
  3 fire bats (Abyss:2)
  A large abomination (Abyss:1)
  A swamp worm (Swamp:2)
  A warg (Orc:2)
  An orc warrior (D:11)
  A swamp drake (Swamp:4)
  2 eyes of draining (Slime:5)
  A wolf (Depths:3)
  3 boggarts (Depths:3)
  4 small abominations
  8 orc priests (Orc:2)
  A jelly (Slime:4)
  A spectral hound (Depths:3)
  10 orcs
222 creatures vanquished.

Vanquished Creatures (others)
  An azure jelly (Slime:5)
  A deep elf elementalist (Elf:3)
  A deep elf demonologist (Elf:3)
  A deep troll (Depths:3)
  2 deep elf knights (Elf:2)
  A spectral swamp worm (Depths:5)
  An orc warrior (Elf:3)
  7 dancing weapons
  A centaur (Vaults:4)
  24 foxfires
  36 fungi
  199 plants
  4 starspawn tentacles (Abyss:1)
279 creatures vanquished.

Grand Total: 2195 creatures vanquished

Notes
Turn   | Place    | Note
-------+----------+-------------------------------------------
     0 | D:1      | OdinFK the Felid Enchanter began the quest for the Orb.
     0 | D:1      | Reached XP level 1. HP: 7/7 MP: 4/4
   544 | D:1      | Reached XP level 2. HP: 12/12 MP: 6/6
   547 | D:1      | Learned a level 2 spell: Ensorcelled Hibernation
   793 | D:1      | Reached skill level 1 in Fighting
  1008 | D:2      | Reached skill level 5 in Hexes
  1114 | D:2      | Reached XP level 3. HP: 15/15 MP: 2/7
  1156 | D:2      | Reached skill level 5 in Stealth
  1803 | D:2      | Reached skill level 6 in Stealth
  1869 | D:2      | Reached XP level 4. HP: 19/19 MP: 3/8
  2058 | D:3      | Noticed an ogre
  2096 | D:3      | Killed an ogre
  2097 | D:3      | Reached skill level 1 in Ice Magic
  2097 | D:3      | Reached XP level 5. HP: 13/22 MP: 1/9
  2487 | D:3      | Noticed a +0 dagger
  2488 | D:3      | Noticed a +0 dagger
  2490 | D:3      | Found a hide-covered altar of Uskayaw.
  2610 | D:3      | Found a burning altar of Makhleb.
  2612 | D:3      | Found a glowing silver altar of Zin.
  2613 | D:3      | Noticed an angel
  2627 | D:3      | Noticed a balrug
  2799 | D:3      | Learned a level 3 spell: Confusing Touch
  3125 | D:3      | Noticed Purgy
  3233 | D:4      | Found Wiatelel's Assorted Antiques.
  3245 | D:4      | Bought a scroll labelled HEFEROPEBA for 16 gold pieces
  3245 | D:4      | Bought a scroll labelled UGAOCITISA for 16 gold pieces
  3245 | D:4      | Bought a scroll labelled HEFEROPEBA for 16 gold pieces
  3245 | D:4      | Bought an amethyst potion for 14 gold pieces
  3245 | D:4      | Bought a silver wand for 64 gold pieces
  3608 | D:4      | Found a shadowy altar of Dithmenos.
  3608 | D:4      | Found a snail-covered altar of Cheibriados.
  3613 | D:4      | Gained mutation: You are covered in thick fur. (AC +2)
                  | [Felid growth]
  3613 | D:4      | Reached XP level 6. HP: 26/26 MP: 10/10
  3717 | D:5      | Entered Level 5 of the Dungeon
  3984 | D:4      | Learned a level 3 spell: Tukima's Dance
  4304 | D:5      | Noticed Prince Ribbit
  4396 | D:5      | Reached skill level 7 in Stealth
  4396 | D:5      | Reached skill level 1 in Evocations
  4502 | D:4      | Reached XP level 7. HP: 9/30 MP: 3/11
  4673 | D:5      | Identified the Compendium of Transformation and Fire
  5147 | D:6      | Found a staircase to the Ecumenical Temple.
  5148 | D:6      | Noticed Menkaure
  5180 | D:6      | Killed Menkaure
  5181 | D:6      | Reached skill level 5 in Dodging
  5181 | D:6      | Reached skill level 8 in Stealth
  5184 | Temple   | Entered the Ecumenical Temple
  5295 | D:6      | Noticed Grinder
  5673 | D:6      | Noticed Sigmund
  5951 | D:7      | Noticed a hornet
  6112 | D:7      | Found a sparkling altar of Nemelex Xobeh.
  6138 | D:7      | Reached XP level 8. HP: 34/34 MP: 6/12
  6231 | D:7      | Reached skill level 9 in Stealth
  6956 | D:7      | Paralysed by a hornet for 1 turns
  6960 | D:7      | Slain by a hornet
  6960 | D:7      | Paralysed by a hornet for 1 turns
  6961 | D:7      | Reached XP level 7. HP: -2/31 MP: 8/11
  6989 | D:7      | Killed a hornet
  7020 | D:7      | Found a broken altar of Ashenzari.
  7191 | D:7      | Found a radiant altar of Vehumet.
  7398 | D:8      | You fall into a shaft and drop 1 floor!
  7527 | D:9      | Reached XP level 8. HP: 22/36 MP: 10/12
  7944 | D:9      | Found an iron altar of Okawaru.
  8009 | D:9      | Found an ancient bone altar of Kikubaaqudgha.
  8343 | D:9      | Noticed Maggie
  8353 | D:9      | Killed Maggie
  8354 | D:9      | Reached skill level 10 in Stealth
  8359 | D:9      | Noticed a manticore
  8481 | D:9      | Found a staircase to the Lair.
  8550 | D:9      | Reached XP level 9. HP: 39/39 MP: 5/13
  8903 | D:9      | Reached skill level 5 in Fighting
  8931 | D:10     | Entered Level 10 of the Dungeon
  8961 | D:10     | Reached skill level 5 in Unarmed Combat
  9031 | D:10     | Noticed a two-headed ogre
  9051 | D:10     | Killed a two-headed ogre
  9052 | D:10     | Reached skill level 11 in Stealth
  9052 | D:10     | Reached skill level 10 in Hexes
  9374 | D:10     | Noticed a centaur warrior
  9566 | D:10     | Reached skill level 12 in Stealth
  9613 | D:10     | Noticed a manticore
  9660 | D:10     | Found Urowkiqe's Assorted Antiques.
  9691 | D:10     | Bought a black potion for 27 gold pieces
  9779 | D:10     | Reached XP level 10. HP: 44/44 MP: 10/14
  9792 | D:10     | Noticed a two-headed ogre
  9795 | D:10     | Killed a two-headed ogre
 10315 | D:11     | Noticed a five-headed hydra
 10424 | Lair:1   | Entered Level 1 of the Lair of Beasts
 11003 | Lair:1   | Noticed a cane toad
 11010 | Lair:1   | Killed a cane toad
 11225 | Lair:1   | Reached XP level 11. HP: 48/48 MP: 2/15
 11351 | Lair:1   | Reached skill level 13 in Stealth
 11546 | Lair:2   | Identified a scroll of acquirement
 12201 | Lair:2   | Reached skill level 10 in Dodging
 12215 | Lair:2   | Noticed a bog body
 12309 | Lair:2   | Noticed an oklob plant
 12358 | Lair:2   | Noticed an eight-headed hydra
 12453 | Lair:2   | Killed an eight-headed hydra
 12658 | Lair:2   | Found a staircase to the Swamp.
 12779 | Lair:3   | Acquired the amulet of a Hundred Beds {*Drain +Blink Regen+
                  | Str+6 Dex+4}
 12842 | Lair:3   | Learned a level 4 spell: Cause Fear
 13141 | Lair:3   | Noticed a six-headed hydra
 13141 | Lair:3   | Noticed a death yak
 13200 | Lair:3   | Reached skill level 14 in Stealth
 13245 | Lair:3   | Noticed a boulder beetle
 13326 | Lair:3   | Noticed a six-headed hydra
 13337 | Lair:3   | Killed a six-headed hydra
 13613 | Lair:3   | Gained mutation: Your thick and shaggy fur keeps you warm.
                  | (AC +3, rC+) [Felid growth]
 13613 | Lair:3   | Reached XP level 12. HP: 54/54 MP: 16/16
 13716 | Lair:3   | Killed a boulder beetle
 13784 | Lair:3   | Found a staircase to the Snake Pit.
 14066 | Lair:3   | Killed a six-headed hydra
 14067 | Lair:3   | Reached skill level 15 in Stealth
 14079 | Lair:3   | Noticed a catoblepas
 14083 | Lair:3   | Killed a catoblepas
 14341 | Lair:4   | Reached skill level 16 in Stealth
 14795 | Lair:4   | Noticed a death yak
 14920 | Lair:5   | Noticed a catoblepas
 16093 | D:11     | Noticed a two-headed ogre
 16195 | D:11     | Reached skill level 5 in Evocations
 16205 | D:11     | Found a staircase to the Orcish Mines.
 16245 | D:11     | Killed a two-headed ogre
 16287 | D:11     | Killed a five-headed hydra
 16359 | D:11     | Reached XP level 13. HP: 56/58 MP: 6/17
 16471 | D:11     | Noticed Erolcha
 16476 | D:11     | Killed Erolcha
 16547 | D:11     | Found Xedduh's Armour Shop.
 16775 | D:11     | Found Nadghet's General Store.
 16783 | D:11     | Bought a scroll of teleportation for 42 gold pieces
 16783 | D:11     | Bought a potion of curing for 42 gold pieces
 16783 | D:11     | Bought a scroll of vulnerability for 105 gold pieces
 16938 | D:11     | Found Beymow's Magic Scroll Boutique.
 16942 | D:11     | Bought a scroll of teleportation for 36 gold pieces
 16942 | D:11     | Bought a scroll of immolation for 42 gold pieces
 17044 | D:11     | Found Tuunk's Gadget Shoppe.
 18057 | D:12     | Reached skill level 10 in Unarmed Combat
 18283 | D:13     | Noticed Dittersdorf's ghost (journeyman MiBe)
 18310 | D:13     | Reached skill level 17 in Stealth
 18361 | D:13     | Learned a level 3 spell: Dazzling Flash
 18393 | D:13     | Found a runed translucent gate.
 18393 | D:13     | Found a runed translucent gate.
 18393 | D:13     | Found a runed translucent gate.
 18701 | D:13     | Noticed Frances
 18971 | D:13     | Reached skill level 1 in Conjurations
 19350 | D:14     | Found a broken altar of Ashenzari.
 19642 | D:14     | Found a gate to the Vaults.
 19730 | D:14     | Reached skill level 5 in Ice Magic
 19933 | D:14     | Reached XP level 14. HP: 64/64 MP: 13/18
 19992 | D:14     | Reached skill level 15 in Hexes
 20408 | D:14     | Reached skill level 18 in Stealth
 20887 | D:11     | Bought a condenser vane for 640 gold pieces
 21146 | D:6      | Killed Grinder
 21157 | D:6      | Killed Sigmund
 21264 | D:5      | Killed Prince Ribbit
 21267 | D:5      | Found Suidueba's Antique Weapon Shoppe.
 21315 | D:5      | Found an ornate altar of the Wu Jian Council.
 21322 | D:5      | Became a worshipper of the Wu Jian Council
 21634 | Lair:5   | Noticed Josephine
 22047 | Lair:4   | Killed Josephine
 22240 | Lair:4   | Reached skill level 19 in Stealth
 22498 | Lair:4   | Reached * piety under Wu Jian
 22879 | Lair:6   | Entered Level 6 of the Lair of Beasts
 22880 | Lair:6   | Noticed Sonja
 22969 | Lair:6   | Reached skill level 20 in Stealth
 23461 | Lair:5   | Killed Sonja
 23735 | Lair:6   | Found a runed translucent door.
 23903 | Lair:6   | Reached ** piety under Wu Jian
 23926 | Lair:6   | Acquired 454 gold pieces
 23973 | Lair:6   | Reached XP level 15. HP: 67/67 MP: 15/19
 24290 | Lair:6   | Found a runed translucent door.
 24290 | Lair:6   | Found a viscous altar of Jiyva.
 24293 | Lair:6   | Noticed an acid blob
 24387 | Lair:6   | Found a staircase to the Slime Pits.
 24387 | Lair:6   | Noticed an acid blob
 24722 | Snake:1  | Entered Level 1 of the Snake Pit
 24867 | Snake:1  | Found Cuaher's Assorted Antiques.
 25037 | Snake:1  | Found Dyibyss's Gadget Shoppe.
 25039 | Snake:1  | Found Duvidab's Gadget Emporium.
 25043 | Snake:1  | Bought a metallic brown potion for 26 gold pieces
 25049 | Snake:1  | Bought a box of beasts for 520 gold pieces
 25274 | Snake:1  | Found a shimmering altar of Xom.
 25360 | Snake:1  | Killed from afar by a naga mage
 25361 | Snake:1  | Reached XP level 14. HP: -10/65 MP: 0/18
 25646 | Snake:2  | Reached skill level 10 in Fighting
 25662 | Snake:2  | Noticed a nagaraja
 25861 | Snake:2  | Reached *** piety under Wu Jian
 27174 | Snake:2  | Acquired the Compendium of Calling
 27210 | Snake:2  | Reached **** piety under Wu Jian
 27352 | Snake:2  | Reached skill level 21 in Stealth
 27473 | Snake:2  | Reached XP level 15. HP: 70/70 MP: 14/19
 27813 | Snake:3  | Reached skill level 15 in Dodging
 27934 | Snake:3  | Noticed a nagaraja
 27936 | Snake:3  | Killed a nagaraja
 28072 | Snake:3  | Found Nigucve's Jewellery Shop.
 28074 | Snake:3  | Found Plog's Gadget Shoppe.
 28075 | Snake:3  | Found Fumpodel's Jewellery Shop.
 28089 | Snake:3  | Bought an uncursed ring of poison resistance for 320 gold
                  | pieces
 28183 | Snake:3  | Reached ***** piety under Wu Jian
 28534 | Snake:3  | Reached skill level 22 in Stealth
 28643 | Snake:4  | Entered Level 4 of the Snake Pit
 28751 | Snake:4  | Learned a level 5 spell: Summon Mana Viper
 28875 | Snake:4  | Noticed a nagaraja
 28880 | Snake:4  | Killed a nagaraja
 29386 | Snake:4  | Noticed Vashnia
 29588 | Snake:4  | Noticed a nagaraja
 29685 | Snake:4  | Noticed a nagaraja
 29709 | Snake:4  | Noticed a nagaraja
 29776 | Snake:4  | Noticed a nagaraja
 29821 | Snake:3  | Noticed Aizul
 30060 | Snake:4  | Reached XP level 16. HP: 75/75 MP: 14/20
 31408 | Snake:3  | Killed Aizul
 32263 | Snake:4  | Got a serpentine rune of Zot
 32433 | Swamp:1  | Entered Level 1 of the Swamp
 32440 | Swamp:1  | Reached ****** piety under Wu Jian
 34765 | Swamp:2  | Killed from afar by a swamp worm
 34766 | Swamp:2  | Reached XP level 15. HP: -5/72 MP: 9/19
 35376 | Swamp:3  | Reached XP level 16. HP: 76/76 MP: 20/20
 35644 | Swamp:3  | Reached skill level 23 in Stealth
 36073 | Swamp:4  | Entered Level 4 of the Swamp
 36281 | Swamp:4  | Noticed a thorn hunter
 37413 | Swamp:4  | Noticed a thorn hunter
 37693 | Swamp:4  | Got a decaying rune of Zot
 37990 | D:14     | Found a transporter.
 37990 | D:14     | Noticed Tulety's ghost (adept FoFi)
 38020 | D:14     | Found a transporter.
 38069 | D:15     | Entered Level 15 of the Dungeon
 38222 | D:15     | Noticed Roxanne
 38825 | D:15     | Found a staircase to the Depths.
 39112 | D:15     | Found a portal to a secret trove of treasure.
 39269 | Orc:1    | Entered Level 1 of the Orcish Mines
 39440 | Orc:2    | Entered Level 2 of the Orcish Mines
 39475 | Orc:2    | Noticed Snorg
 39481 | Orc:2    | Killed Snorg
 39498 | Orc:2    | Reached skill level 24 in Stealth
 40013 | Orc:2    | Paralysed by a chaos spawn for 6 turns
 40017 | Orc:2    | Mangled by a hellwing
 40018 | Orc:2    | Reached XP level 15. HP: -6/66 MP: 11/19
 40232 | Orc:1    | Noticed Gastronok
 40341 | Orc:2    | Found Qunloez's Magic Scroll Shop.
 40341 | Orc:2    | Found Suqary's Antique Weapon Shoppe.
 40346 | Orc:2    | Bought a scroll of teleportation for 30 gold pieces
 40383 | Orc:2    | Found a roughly hewn altar of Beogh.
 40653 | Orc:2    | Reached XP level 16. HP: 73/78 MP: 4/20
 40694 | Orc:2    | Found a staircase to the Elven Halls.
 40732 | Orc:2    | Found Xutuodwam's Gadget Shoppe.
 40732 | Orc:2    | Found Lofitt's Distillery.
 40737 | Orc:2    | Bought a phial of floods for 600 gold pieces
 40746 | Orc:2    | Bought a potion of magic for 120 gold pieces
 41179 | Vaults:1 | Entered Level 1 of the Vaults
 43114 | Vaults:2 | Found a staircase to the Crypt.
 43131 | Vaults:2 | Found Voaffom's Assorted Antiques.
 44151 | Vaults:2 | Reached XP level 17. HP: 71/82 MP: 1/21
 44265 | Vaults:3 | Identified the Collected Works on Creative Contamination
 44394 | Vaults:3 | Noticed a lich
 45048 | Vaults:3 | Reached skill level 10 in Evocations
 45767 | Vaults:3 | Learned a level 1 spell: Apportation
 46556 | Vaults:4 | Found a large runed translucent door.
 46556 | Vaults:4 | Found a large runed translucent door.
 46556 | Vaults:4 | Found a large runed translucent door.
 46556 | Vaults:4 | Found a large runed translucent door.
 46556 | Vaults:4 | Found a large runed translucent door.
 46556 | Vaults:4 | Found a large runed translucent door.
 46556 | Vaults:4 | Found a large runed translucent door.
 46556 | Vaults:4 | Found a large runed translucent door.
 46556 | Vaults:4 | Noticed MackTheFife's ghost (veteran HOGl)
 46561 | Vaults:4 | Killed MackTheFife's ghost
 46562 | Vaults:4 | Reached skill level 25 in Stealth
 47363 | Vaults:4 | HP: 3/84 [vault warden/+0 war axe (33)]
 47807 | Vaults:4 | Reached XP level 18. HP: 88/88 MP: 22/22
 48363 | D:15     | Learned a level 8 spell: Discord
 48365 | Depths:1 | Entered Level 1 of the Depths
 48973 | Depths:1 | Hit by a large rock thrown by a stone giant
 48974 | Depths:1 | Reached XP level 17. HP: -9/84 MP: 10/21
 49057 | Depths:1 | Found a one-way gate leading to the halls of Pandemonium.
 49493 | Depths:1 | Found a gateway to Hell.
 49529 | Depths:2 | Noticed Bai Suzhen
 49532 | Depths:2 | Killed Bai Suzhen
 49533 | Depths:2 | Reached skill level 15 in Fighting
 49621 | Depths:2 | Noticed a juggernaut
 49732 | Depths:2 | HP: 2/85 [yaktaur captain/bolt (29)]
 50088 | Depths:1 | Identified the ring "Qopa" {rN+ Will++ Stlth-}
 50255 | Depths:2 | Reached skill level 26 in Stealth
 50800 | Depths:3 | Found Vyrchalo's Armour Boutique.
 50823 | Depths:3 | Found a gateway to a ziggurat.
 50995 | Depths:1 | Identified the +8 demon trident of Purpose {pain, *Drain
                  | Str+5}
 52208 | Depths:1 | Reached skill level 1 in Translocations
 52549 | Depths:2 | Noticed a quicksilver dragon
 52806 | Elf:1    | Entered Level 1 of the Elven Halls
 52822 | Elf:1    | Reached skill level 1 in Summonings
 52959 | Elf:1    | Reached XP level 18. HP: 89/89 MP: 22/22
 53723 | Elf:2    | Found a huge runed translucent gate.
 53723 | Elf:2    | Found a huge runed translucent gate.
 53723 | Elf:2    | Found a huge runed translucent gate.
 54668 | Elf:3    | Entered Level 3 of the Elven Halls
 55214 | Elf:3    | Found a magical portal.
 55223 | WizLab   | Entered Wucad Mu's Monastery
 55535 | Elf:3    | Noticed an Ice Fiend
 56239 | Elf:3    | Identified the ring "Kair Pui" {*Contam rPois rF+++ Will-
                  | Stlth+}
 56335 | Elf:3    | Identified the cursed +0 scimitar "Boiw" {protect, +Rage}
 57064 | Elf:3    | Reached skill level 27 in Stealth
 57340 | Elf:3    | Identified the Reference Book on Excruciating Clay
 58457 | Depths:1 | Found the +3 crown of Dyrovepreva {rElec Int+2 SInv}
 59175 | Depths:2 | Noticed a caustic shrike
 59206 | Depths:2 | Killed a caustic shrike
 59904 | Depths:3 | Reached XP level 19. HP: 81/93 MP: 11/23
 62143 | Slime:1  | Entered Level 1 of the Pits of Slime
 62942 | Depths:3 | HP: 1/94 [centaur warrior/arrow (7)]
 62944 | Depths:3 | Shot with an arrow by a centaur warrior
 62945 | Depths:3 | Reached XP level 18. HP: 0/90 MP: 1/22
 63355 | Depths:3 | Found a broken altar of Ashenzari.
 63376 | Depths:3 | Found an ancient bone altar of Kikubaaqudgha.
 63449 | Depths:3 | Found a one-way gate to the infinite horrors of the Abyss.
 63760 | Depths:3 | Found The Legendary Sulawav's Legendary Smithy.
 63785 | Depths:3 | Found Nurur's General Store.
 63796 | Depths:3 | Bought a potion of haste for 190 gold pieces
 63796 | Depths:3 | Bought a potion of curing for 57 gold pieces
 64074 | Depths:3 | Found a basalt altar of Yredelemnul.
 64170 | Depths:3 | Found Dicro's Miraculous Elixirs.
 64652 | Depths:4 | Killed a tentacled monstrosity
 65390 | Depths:5 | Entered Level 5 of the Depths
 65443 | Depths:5 | Reached XP level 19. HP: 94/94 MP: 23/23
 66189 | Depths:5 | Reached skill level 5 in Summonings
 66278 | Depths:5 | Noticed a bone dragon
 66652 | Depths:5 | Found Qomoohung's Changing Room.
 67449 | Depths:5 | Noticed a lich
 67482 | Depths:5 | Killed a lich
 68246 | Depths:4 | You fall into a shaft and drop 1 floor!
 69109 | Depths:4 | Noticed a royal mummy
 69111 | Depths:4 | Killed a royal mummy
 69436 | Depths:3 | Voluntarily entered the Abyss.
 69436 | Abyss:1  | Found a corrupted altar of Lugonu.
 69929 | Abyss:3  | Found a radiant altar of Vehumet.
 69958 | Abyss:3  | Found a radiant altar of Vehumet.
 70061 | Abyss:3  | Reached skill level 15 in Unarmed Combat
 70100 | Depths:3 | Escaped the Abyss
 70170 | Depths:3 | Voluntarily entered the Abyss.
 70622 | Abyss:1  | Noticed a lich
 70790 | Abyss:1  | Noticed a bone dragon
 70795 | Depths:3 | Escaped the Abyss
 71407 | Slime:1  | Gained mutation: Your body sometimes deteriorates upon
                  | taking damage. [a shining eye]
 71409 | Slime:1  | Gained mutation: You are surrounded by a mild repulsion
                  | field. (EV +2) [a shining eye]
 71606 | Slime:1  | Gained mutation: You tend to lose your temper in combat. [a
                  | shining eye]
 73626 | Slime:2  | Reached XP level 20. HP: 100/100 MP: 18/24
 73832 | Slime:5  | Entered Level 5 of the Pits of Slime
 73875 | Slime:5  | Gained mutation: Your magical capacity is low. (-10% MP) [a
                  | shining eye]
 74171 | Slime:5  | Found a viscous altar of Jiyva.
 74589 | Slime:5  | Gained mutation: You do not regenerate when monsters are
                  | visible. [a shining eye]
 74592 | Slime:5  | Gained mutation: You are clumsy. (Dex -2) [a shining eye]
 74768 | Slime:5  | Noticed the Royal Jelly
 75090 | Slime:3  | Learned a level 5 spell: Summon Demon
 75144 | Slime:5  | Reached skill level 10 in Summonings
 76192 | Slime:5  | Killed the Royal Jelly
 76201 | Slime:5  | HP: 4/100 [acid[the Royal Jelly] (7)]
 76203 | Slime:5  | Annihilated by an acid blob

Illustrated notes

Levels and vault maps discovered:
D:1:      lordsloth_arrival_two_stooges, layout_loops_ring
D:2:      layout_loops_ring
D:3:      layout_basic, grunt_temple_overflow_order_and_chaos_2,
          dancing_weapons_uskayaw, minmay_cupped, uniq_purgy
D:4:      layout_rooms, grunt_temple_overflow_open, serial_shops, shop
D:5:      layout_cave_pools, pdpol_wu_jian_five_deadly_venoms, serial_shops,
          kennysheep_little_box, kennysheep_donut, uniq_prince_ribbit1
D:6:      layout_loops_ring, minmay_temple_entry_statues_pillars,
          kennysheep_crisscross, uniq_grinder, uniq_sigmund, uniq_menkaure
D:7:      lemuel_upstairs_altar, layout_loops_cross, lemuel_round_altar,
          nemelex_xobeh_ov_fountains_minmay
D:8:      layout_basic
D:9:      layout_stronghold, kiku_gazebo_pond_becter, minmay_lair_entry_grove,
          basic_altar, uniq_maggie
D:10:     layout_long_grid, serial_shops, nicolae_shop_overgrown_old_shop
D:11:     layout_basic, david_orc_3, gauntlet_entry_generic, serial_shops, shop,
          kennysheep_mini, shop_statue, nicolae_shop_statue_plus, uniq_erolcha
D:12:     layout_basic
D:13:     layout_loops_cross, gammafunk_ghost_split, uniq_frances
D:14:     minmay_the_grid_4x2 [minmay_the_grid_square_x,
          minmay_the_grid_odd_star, minmay_the_grid_stretched_grid,
          minmay_the_grid_minigrid_small, minmay_the_grid_tree,
          minmay_the_grid_broken_lines, minmay_the_grid_slots,
          minmay_the_grid_prize_trominoes], layout_loops_ring, david_vaults_2,
          gammafunk_ghost_arena, ashenzari_altar_1, minmay_misc_feat_roman
D:15:     gammafunk_enter_depths_forms, layout_basic, enter_trove_5,
          uniq_roxanne
Temple:   nicolae_temple_god_jail
Lair:1:   layout_roguey, chequers_serial_rivers_micro_b
Lair:2:   layout_long_grid, skrybe_swamp_entry_bodies, minivault_26,
          minmay_lair_oklob_chamber
Lair:3:   nzn_winding_woodlands_cross [nzn_winding_woodlands_5x15_cabin,
          nzn_winding_woodlands_5x15_longhouse,
          nzn_winding_woodlands_5x15_twine, nzn_winding_woodlands_5x15_garden,
          nzn_winding_woodlands_15x15_five_gardens], layout_layer_cave,
          guppyfry_snake_entry_island
Lair:4:   layout_cave_pods, grunt_megastairs_5, serial_bayou_shore_a
Lair:5:   layout_big_grid, uniq_josephine
Lair:6:   wormcave, layout_cave_pods, slime_altar_2, uniq_sonja
Swamp:1:  layout_basic_swamp, evilmike_swamp_ruin_house_3, swamp_pool3,
          nzn_swamp_dancing_lights
Swamp:2:  layout_basic_swamp, hangedman_swamp_ruin_hall
Swamp:3:  layout_basic_swamp, hangedman_swamp_ruin_wall,
          nicolae_swamp_stair_fork
Swamp:4:  swamp_basic_johnstein, layout_basic_swamp, swamp_pool3,
          water_boxes_lemuel, infiniplex_staircase_pool_2
Snake:1:  layout_onion_interference, basic_altar, st_stairs_2, minmay_shop_star
Snake:2:  layout_onion_interference, serial_bayou, serial_bayou_crossing,
          serial_bayou_lagoon_b, serial_bayou_lagoon_a, serial_bayou_ford_a,
          nicolae_snake_single_loop, nicolae_snake_lava_pool
Snake:3:  kennysheep_six_static_rooms, layout_cave_town, minmay_shop_grove,
          uniq_aizul
Snake:4:  snake_pit, layout_cave_town, nicolae_snake_round_shape_thing,
          st_stairs_7, uniq_vashnia
Slime:1:  layout_caves
Slime:2:  layout_caves
Slime:3:  layout_caves
Slime:4:  nicolae_slime_jelly_donut, layout_caves
Slime:5
Orc:1:    layout_caves, ebering_ghost_inner_flame, basic_altar, uniq_gastronok
Orc:2:    st_orc_town, layout_caves, uniq_snorg
Elf:1:    layout_geoelf_diagonals, hangedman_elf_represent
Elf:2:    layout_geoelf_diagonals, uniq_nikola
Elf:3:    grunt_elf_hall_asides, layout_geoelf_octagon, mu_enter_wizlab_5,
          grunt_ministairs_1, minivault_16, fake_guardian_serpent_vault
Vaults:1: hangedman_vaults_corner_blocks, vaults_room_large_hall,
          ontoclasm_vaults_gateway, v_rooms_1, v_alt_pattern_5, v_misc_14,
          v_misc_3, v_misc_18, v_rooms_4, v_misc_5, ontoclasm_vaults_ring_small,
          layout_vaults_big_room
Vaults:2: ontoclasm_vaults_bender, v_misc_26, nicolae_vaults_circle_grid_a,
          minmay_crypt_entry_simple_box, vaults_dpeg_diagonal,
          grunt_vaults_swirl, hangedman_vaults_impose,
          nicolae_vaults_mini_display_case, vaults_room_hallway,
          layout_vaults_omnigrid, serial_shops, nicolae_shop_overgrown_old_shop
Vaults:3: v_misc_18, hangedman_vaults_corner_blocks,
          nicolae_vaults_back_hallway, hangedman_vaults_restitches,
          vaults_mumra_minichess_inversion, ontoclasm_vaults_pinch, v_misc_1,
          vaults_room_grid, ontoclasm_vaults_ring_large, st_more_cells,
          v_misc_25, layout_vaults_omnibox
Vaults:4: advil_vaults_ghost_lines, v_misc_19, v_alt_pattern_4,
          nicolae_vaults_network_periphery, vaults_mumra_hexcomb, v_misc_33,
          v_misc_1, hangedman_vaults_pinch, v_misc_16,
          ontoclasm_vaults_ligature, nicolae_vaults_alarming, vaults_room_pools,
          layout_vaults_maze_bifur
Depths:1: layout_gridlike, hellmouth_2, rand_demon_pan_entry_7,
          roderic_lattice_a, minmay_guarded_unrand_dyrovepreva
Depths:2: kennysheep_four_of_diamonds, layout_honeycomb,
          hangedman_abyss_or_decor_stabs, grunt_hell_entry_dis_old,
          uniq_bai_suzhen
Depths:3: grated_community_mu [grated_community_mu_vampire_home,
          grated_community_mu_giant_home, grated_community_mu_spellcaster_home,
          grated_community_mu_orcish_home, grated_community_mu_troll_home,
          grated_community_mu_taur_home, grated_community_mu_unbuilt_plot],
          layout_long_grid, enter_ziggurat_a, rand_demon_pan_entry_5,
          abyss_entry, hell_entry, serial_shops, nicolae_shop_crystal,
          minmay_misc_feat_plants
Depths:4: lemuel_minitomb, layout_cave_pools, hell_entry, abyss_entry,
          chequers_serial_rivers_large_a, infiniplex_staircase_zigzag_4
Depths:5: grunt_crosshair, layout_gridlike, minmay_room_of_horrors,
          pf_hell_entry_tar_river, hex_intersection,
          nicolae_transmutations_shop, abandoned_shop, minmay_evil_grid

Skill      XL: |  1  2  3  4  5  6  7  8  9 10 11 12 13 14 15 16 17 18 19 20 |
---------------+-------------------------------------------------------------+-----
Dodging        | 3 4 5 6 8 9 11 13 14 15 16 18 | 18.1
Fighting       | 1 2 3 4 5 6 7 9 10 11 13 15 16 17 | 17.1
Hexes          | 5 6 8 9 10 11 12 13 14 17 19 22 24 25 | 25.0
Stealth        | 6 7 8 10 12 14 16 17 21 22 24 26 27 | 27.0
Ice Magic      | 1 3 4 5 |  5.0
Evocations     | 1 2 3 5 6 9 10 12 13 | 13.0
Unarmed Combat | 2 3 4 6 7 8 9 10 11 12 13 15 | 15.1
Conjurations   | 2 |  2.0
Translocations | 1 2 |  2.0
Summonings     | 1 4 7 10 | 10.2
Spellcasting   | |  2.0

Action                   |  1- 3 |  4- 6 |  7- 9 | 10-12 | 13-15 | 16-18 | 19-21 || total
-------------------------+-------+-------+-------+-------+-------+-------+-------++-------
Melee: Unarmed           |    99 |    90 |   188 |   255 |   895 |  1401 |   574 ||  3502
       Bite              |     7 |     4 |    11 |    16 |    87 |   122 |    88 ||   335
       Punch             |       |     1 |     3 |    11 |    31 |    64 |    48 ||   158
 Cast: Corona            |     9 |     5 |    11 |     7 |    48 |    35 |    13 ||   128
       Ensorcelled Hiber |    28 |    53 |    74 |   243 |   421 |   555 |   139 ||  1513
       Tukima's Dance    |       |     3 |     3 |     1 |    10 |       |       ||    17
       Confusing Touch   |       |       |     1 |     1 |       |       |       ||     2
       Cause Fear        |       |       |       |     1 |     3 |     3 |       ||     7
       Dazzling Flash    |       |       |       |       |    88 |   163 |     6 ||   257
       Summon Mana Viper |       |       |       |       |    16 |   240 |   229 ||   485
       Discord           |       |       |       |       |       |    10 |     5 ||    15
       Apportation       |       |       |       |       |       |     2 |       ||     2
       Summon Demon      |       |       |       |       |       |       |     8 ||     8
Invok: Lunge             |       |       |       |       |   139 |   372 |    96 ||   607
       Whirlwind         |       |       |       |       |    33 |    98 |    74 ||   205
 Abil: Evoke Blink       |       |       |       |       |    19 |    66 |    15 ||   100
       Wall Jump         |       |       |       |       |       |     1 |       ||     1
Evoke: Wand              |       |     5 |    12 |     1 |     8 |    38 |    11 ||    75
       Lightning rod     |       |       |       |       |     4 |    17 |       ||    21
       Condenser vane    |       |       |       |       |     2 |     5 |     1 ||     8
       Phantom mirror    |       |       |       |       |     1 |     4 |     3 ||     8
       Box of beasts     |       |       |       |       |     1 |     5 |     3 ||     9
       Phial of floods   |       |       |       |       |       |     2 |     1 ||     3
  Use: Scroll            |       |       |    11 |    10 |    16 |    21 |    17 ||    75
       Potion            |       |       |       |       |     4 |     6 |     8 ||    18
 Stab: Sleeping          |    23 |    40 |    61 |   117 |   301 |   467 |   127 ||  1136
       Distracted        |       |     3 |       |     2 |     8 |    26 |    14 ||    53
       Confused          |       |       |     2 |       |       |       |       ||     2
       Petrified         |       |       |       |     1 |       |       |       ||     1
       Invisible         |       |       |       |       |    50 |    86 |     2 ||   138
       Petrifying        |       |       |       |       |     1 |       |       ||     1
       Fleeing           |       |       |       |       |     1 |       |       ||     1
Armor: Skin              |     3 |     1 |     5 |     6 |    17 |    52 |     7 ||    91
Dodge: Dodged            |    74 |    63 |   155 |   226 |   944 |  1514 |   573 ||  3549
